 Dungeon Crawl Stone Soup version 0.30-a0-439-g9e77e4d916 (webtiles) character file.

Game seed: 2429762551214759276

11 pokeman the Magician (level 2, 0/16 HPs)
             Began as a Deep Elf Hedge Wizard on Dec 10, 2022.
             Slain by a jackal (3 damage)
             ... on level 1 of the Dungeon.
             The game lasted 00:00:42 (342 turns).

pokeman the Magician (Deep Elf Hedge Wizard)         Turns: 342, Time: 00:00:43

Health: 0/16       AC:  2    Str:  7    XL:     2   Next: 17%
Magic:  3/9        EV: 12    Int: 18    God:
Gold:   0          SH:  0    Dex: 14    Spells: 9/10 levels left

rFire   . . .      SeeInvis .    a - +0 dagger
rCold   . . .      Faith    .    (no shield)
rNeg    . . .      Spirit   .    b - +0 robe
rPois   .          Reflect  .    c - +0 hat
rElec   .          Harm     .    (no cloak)
rCorr   .          Rampage  .    (no gloves)
Will    .....                    (no boots)
Stlth   ++........               (no amulet)
HPRegen 0.22/turn                (no ring)
MPRegen 0.11/turn                (no ring)

@: very slightly contaminated
A: no striking features
a: no special abilities


You were on level 1 of the Dungeon.
You visited 1 branch of the dungeon, and saw 1 of its levels.

Inventory:

Hand Weapons
 a - a +0 dagger (weapon)
Armour
 b - a +0 robe (worn)
 c - a +0 hat (worn)
Scrolls
 e - a scroll of poison {unknown}
Potions
 d - a potion of magic
 f - a potion of flight {unknown}


   Skills:
 + Level 0.4 Fighting
 + Level 0.4 Armour
 - Level 2.4 Dodging
 - Level 2.4 Stealth
 * Level 4.8 Spellcasting
 + Level 1.4 Conjurations
 - Level 1.1 Summonings
 - Level 1.1 Translocations


You had 9 spell levels left.
You knew the following spells:

 Your Spells              Type           Power      Damage    Failure   Level
a - Magic Dart            Conj           36%        1d4       8%          1

Your spell library contained the following spells:

 Spells                   Type           Power      Damage    Failure   Level
 Blink                    Tloc           16%        N/A       13%         2
 Call Imp                 Summ           8%         N/A       13%         2
 Slow                     Hex            16%        N/A       14%         1
 Cigotuvi's Dreadful Rot  Necr/Pois/Air  8%         N/A       21%         2
 Mephitic Cloud           Conj/Pois/Air  6%         N/A       32%         3


Dungeon Overview and Level Annotations

Branches:
Dungeon (1/15)

Altars:


Message History

The jackal is almost dead.
The jackal bites you.
* * * LOW HITPOINT WARNING * * *
You closely miss the jackal.
The jackal is almost dead.
The jackal bites you.
* * * LOW HITPOINT WARNING * * *
The jackal bites you but does no damage.
Casting: Magic Dart (safe; 8% risk of failure)
Confirm with . or Enter, or press ? or * to list all spells.
Aiming: Magic Dart (safe; 8% risk of failure)
Press: ? - help, Shift-Dir - straight line, f/p - jackal
Aim: a jackal (almost dead, 100% to hit)
The magic dart hits the jackal.
You kill the jackal!
Unknown command.
Casting: Magic Dart (safe; 8% risk of failure)
Confirm with . or Enter, or press ? or * to list all spells.
Aiming: Magic Dart (safe; 8% risk of failure)
Press: ? - help, Shift-Dir - straight line, f - jackal
Aim: a jackal (100% to hit)
The magic dart hits the jackal but does no damage.
The jackal barely misses you.
Unknown command.
You barely miss the jackal. The jackal closely misses you. x2
You hit the jackal.
The jackal is moderately wounded.
The jackal barely misses you.
You barely miss the jackal.
The jackal is moderately wounded.
The jackal bites you but does no damage.
The jackal closely misses you.
You barely miss the jackal.
The jackal is moderately wounded.
The jackal bites you.
* * * LOW HITPOINT WARNING * * *
You barely miss the jackal.
The jackal is moderately wounded.
The jackal bites you.
You die...

#..†...K......
#K######.h....
#######.######(.....
......†........ >...
###############[######.
... #........# #.# ..
#........# #.# .
#........######)#
+........##Jh@..#
#........##.#######
#........##........
#........##..J..÷..
#........##........
#........##........
###...........÷......
#..........#.........
##.###########.......÷


You could see an endoplasm and a jackal.

Vanquished Creatures
  An endoplasm (D:1)
  3 jackals (D:1)
  A kobold (D:1)
  A quokka (D:1)
  A ball python (D:1)
  2 bats (D:1)
  A rat (D:1)
10 creatures vanquished.

Notes
Turn   | Place    | Note
-------+----------+-------------------------------------------
     0 | D:1      | pokeman the Deep Elf Hedge Wizard began the quest for the
                  | Orb.
     0 | D:1      | Reached XP level 1. HP: 10/10 MP: 7/7
   208 | D:1      | Reached XP level 2. HP: 13/16 MP: 1/9
   342 | D:1      | Slain by a jackal

Illustrated notes

Levels and vault maps discovered:
D:1:      minmay_arrival_five_plusses, layout_basic, serial_aquarium,
          aquarium_bridge_straight [aquarium_subvault_bridge,
          aquarium_subvault_wall, aquarium_subvault_bridge,
          aquarium_subvault_window], aquarium_window_2, aquarium_window_1,
          aquarium_view_2a, aquarium_balcony_3b

Action                   || total
-------------------------++-------
Melee: Dagger            ||    16
 Cast: Magic Dart        ||    30
Armor: Robe              ||     9
Dodge: Dodged            ||    21

Table legend: (Time is in decaauts)
 A = Elapsed time spent in this place.
 B = Non-inter-level travel time spent in this place.
 C = Inter-level travel time spent in this place.
 D = Time resting spent in this place.
 E = Time spent auto-exploring this place.
 F = Levels seen in this place.
 G = Mean time per level.
                   A        B        C        D        E       F      G
               +--------+--------+--------+--------+--------+-----+--------+
         Total |    342 |    342 |      0 |     73 |    191 |   1 |  342.0 |
       Dungeon |    342 |    342 |      0 |     73 |    191 |   1 |  342.0 |
               +--------+--------+--------+--------+--------+-----+--------+

Top non-repeatable levels by time:
     D:1: 342 daAuts
